Map: Lerilak Crest

Players

FireCake - Winner!

  • Race: Zerg Zerg
  • League: Master

Nerchio

  • Race: Zerg Zerg
  • League: Grandmaster

Event: Gauntlet Monday Night

VOD

Have the link to the VOD?

Description

Time

  • Played on: Jan. 4, 2016, 1:48 p.m.
  • Length: 4:24

All games in this series

Show
View Real Time Build Order
Export as new Build Order

FireCake Zerg - Winner!

Build Orders: Pool First 

Get SALT Encoding   

  12  0:01  Drone  
  13  0:09  Drone  
  14  0:16  Overlord  
  14  0:23  Drone, Extractor  
  15  0:35  Drone x2  
  17  0:44  Spawning Pool  
  17  0:47  Drone  
  17  0:50  Extractor  
  17  0:55  Drone  
  17  1:14  Hatchery  
  17  1:17  Drone  
  17  1:21  Drone  
  18  1:32  Queen  
  20  1:36  Drone  
  20  1:39  Zergling x2  
  22  1:49  Metabolic Boost  
  22  1:53  Overlord  
  22  2:11  Queen  
  22  2:12  Drone  
  25  2:17  Baneling Nest  
  25  2:22  Zergling x4  
  25  2:32  Zergling x4  
  27  2:39  Zergling x2  
  27  2:42  Zergling x6  
  31  2:55  Overlord  
  31  2:58  Zergling x2  
  31  2:59  Zergling x4  
  31  3:04  Baneling x5  
  34  3:07  Zergling x2  
  35  3:18  Zergling x6  
  38  3:23  Zergling x2  
  38  3:24  Zergling x2  
  40  3:27  Zergling x2  
  39  3:38  Zergling x6  
  39  3:44  Zergling x2  
  39  3:45  Zergling x2  
  39  3:47  Baneling x2  
  38  3:51  Zergling x2  
  38  3:54  Zergling x2  
  35  4:00  Zergling x4  
Show
View Real Time Build Order
Export as new Build Order

Nerchio Zerg 

Build Orders: Hatch First 

Get SALT Encoding   

  12  0:01  Drone  
  13  0:12  Overlord  
  13  0:17  Drone  
  14  0:30  Drone x2  
  14  0:34  Drone  
  17  0:53  Hatchery  
  17  0:56  Drone  
  17  0:59  Drone  
  17  1:02  Extractor  
  17  1:15  Spawning Pool  
  17  1:18  Drone  
  17  1:22  Drone  
  18  1:28  Drone  
  19  1:38  Overlord  
  19  1:59  Drone  
  20  2:02  Queen, Zergling x2  
  20  2:04  Metabolic Boost  
  20  2:06  Queen  
  25  2:10  Zergling x2  
  25  2:13  Drone  
  27  2:17  Drone  
  27  2:22  Drone  
  29  2:28  Baneling Nest  
  27  2:30  Drone  
  27  2:34  Drone  
  29  2:38  Drone  
  29  2:43  Overlord  
  30  2:56  Zergling x4  
  32  3:01  Zergling x2  
  32  3:04  Zergling x2  
  34  3:09  Zergling x6  
  34  3:10  Zergling x2  
  38  3:14  Zergling x6  
  38  3:15  Baneling  
  38  3:16  Baneling  
  38  3:19  Zergling x2  
  42  3:22  Baneling  
  42  3:23  Baneling x2  
  42  3:24  Baneling  
  42  3:26  Zergling x2  
  42  3:29  Zergling x2  
  39  3:36  Zergling x2  
  39  3:40  Zergling x2  
  39  3:47  Queen, Zergling x2  
  38  3:50  Zergling x2  
  36  3:57  Zergling x2  
  35  4:06  Zergling x2  
Tags
 
Add a new tag
Caveats
  • Supply blocks, unpowered buildings, or Contaminate may cause inaccurate times.
  • Supply counts are checked every 10 seconds.